 Dungeon Crawl Stone Soup version 0.21-a0-460-g737a915 (webtiles) character file.

44 4thArraOfDagon the Firebug (level 3, 1/19 HPs)
             Began as a Tengu Fire Elementalist on Nov 20, 2017.
             Quit the game on level 3 of the Dungeon.
             The game lasted 00:02:07 (320 turns).

4thArraOfDagon the Firebug (Tengu Fire Elementalist) Turns: 320, Time: 00:02:08

Health: 1/19       AC:  2    Str:  8    XL:     3   Next: 60%
Magic:  0/7        EV: 15    Int: 16    God:
Gold:   72         SH:  0    Dex: 14    Spells: 5/6 levels left

rFire    + . .     SeeInvis .   e - +0 blowgun
rCold    + . .     Gourm    .   (no shield)
rNeg     . . .     Faith    .   k - +0 robe
rPois    +         Spirit   .   (helmet restricted)
rElec    +         Reflect  .   (no cloak)
rCorr    +         Harm     .   (no gloves)
MR       .....     Rnd*Tele +   (boots unavailable)
Stlth    ++........             (no amulet)
HPRegen  0.06/turn              g - ring of teleportation
MPRegen  0.10/turn              (no ring)

@: resistant, flying quickly and evasively (expiring), quick
A: beak, talons 3
a: no special abilities


You were on level 3 of the Dungeon.
You were not hungry.

You visited 1 branch of the dungeon, and saw 3 of its levels.

You collected 72 gold pieces.

Inventory:

Hand Weapons
 d - a +0 mace
 e - a +0 blowgun (weapon)
Armour
 a - a +0 robe
 f - a +0 ring mail
 k - a +0 robe (worn)
Jewellery
 g - a ring of teleportation (left hand)
Scrolls
 j - a scroll of magic mapping
Books
 b - a book of Flames

   Spells                             Type                      Level
   a - Flame Tongue                   Conjuration/Fire             1
   b - Throw Flame                    Conjuration/Fire             2
   c - Conjure Flame                  Conjuration/Fire             3
   d - Inner Flame                    Hexes/Fire                   3
   e - Sticky Flame                   Conjuration/Fire             4
   f - Fireball                       Conjuration/Fire             5
Comestibles
 c - a bread ration


   Skills:
 - Level 2.1 Dodging
 - Level 2.0 Stealth
 + Level 2.3 Spellcasting
 * Level 3.0 Conjurations
 * Level 4.0 Fire Magic


You had 5 spell levels left.
You knew the following spells:

 Your Spells              Type           Power        Failure   Level  Hunger
a - Flame Tongue          Conj/Fire      ##...        4%          1    #......


Dungeon Overview and Level Annotations

Branches:
Dungeon (3/15)

Altars:


Innate Abilities, Weirdness & Mutations

You have a beak for a mouth.
You have claws for feet.


Message History

Something hits you.
* * * LOW HITPOINT WARNING * * *
Casting: Flame Tongue
Confirm with . or Enter, or press ? or * to list all spells.
Aiming: Flame Tongue
Press: ? - help, Shift-Dir - straight line, f/p - orc
Aim: an orc (lightly wounded)
The flame tongue hits something.
Something hits you.
* * * LOW HITPOINT WARNING * * *
Casting: Flame Tongue
Confirm with . or Enter, or press ? or * to list all spells.
Aiming: Flame Tongue
Press: ? - help, Shift-Dir - straight line, f/p - orc
Aim: an orc (lightly wounded)
The flame tongue hits the orc.
You kill the orc!
Something hits you.
* * * LOW HITPOINT WARNING * * *
Unknown command.
Are you sure you want to abandon this character and quit the game? (Confirm with "yes".)

##################
#@{).†(((......§..
##################
######## #
##......## #
##........## #
#..........# #
#..........# #
#<.........# #
#...<......# ####


There were no monsters in sight!

Vanquished Creatures
  An orc wizard (D:3)
  A leopard gecko (D:1)
  2 orcs (D:3)
  2 bats
  2 goblins (D:1)
  4 kobolds
  A rat (D:1)
13 creatures vanquished.

Vanquished Creatures (others)
  A bat (D:3)
1 creature vanquished.

Grand Total: 14 creatures vanquished

Notes
Turn   | Place    | Note
-------+----------+-------------------------------------------
     0 | D:1      | 4thArraOfDagon the Tengu Fire Elementalist began the quest for the Orb.
     0 | D:1      | Reached XP level 1. HP: 10/10 MP: 4/4
   156 | D:1      | Reached XP level 2. HP: 10/15 MP: 4/6
   310 | D:3      | Reached skill level 4 in Fire Magic
   310 | D:3      | Reached XP level 3. HP: 14/19 MP: 2/7
   320 | D:3      | Quit the game

Vault maps used:
D:1:      scummos_arrival_forest

Skill      XL: |  1  2 |
---------------+-------+-----
Conjurations   | 2 3 |  3.0
Fire Magic     | 4 |  4.0
Dodging        | |  2.1
Stealth        | |  2.0
Spellcasting   | |  2.3

Action                   || total
-------------------------++-------
Melee: Mace              ||     6
       Kick              ||     1
 Fire: Blowgun           ||     6
 Cast: Flame Tongue      ||    20
  Use: Scroll            ||     3
       Potion            ||     3
Armor: Ring mail         ||     5
       Robe              ||    16
Dodge: Dodged            ||    37

Table legend:
 A = Spawn XP
 B = Non-spawn XP
 C = Spawn XP percentage of total XP
 D = Spawn monster count
 E = Non-spawn monster count
 F = Spawn count percentage of total count
 G = Total turns spent on level
                    A         B        C        D         E        F      G
               +---------+---------+-------+---------+---------+-------+---------
         Total |       0 |      63 |   0.0 |       0 |      13 |   0.0 |   320
               +---------+---------+-------+---------+---------+-------+---------
           D:1 |       0 |      10 |   0.0 |       0 |       7 |   0.0 |   185
           D:2 |       0 |       1 |   0.0 |       0 |       1 |   0.0 |    52
           D:3 |       0 |      52 |   0.0 |       0 |       5 |   0.0 |    83
               +---------+---------+-------+---------+---------+-------+---------
